 Dungeon Crawl Stone Soup version 0.28.0-1-gb440e238dd (webtiles) character file.

Game seed: 14174588540304926716

527 Sanktem7 the Skirmisher (level 7, -3/64 HPs)
             Began as a Minotaur Fighter on Feb 25, 2022.
             Slain by Blork the orc (6 damage)
             ... on level 4 of the Dungeon.
             The game lasted 00:06:11 (3464 turns).

Sanktem7 the Skirmisher (Minotaur Fighter)          Turns: 3464, Time: 00:06:11

Health: -3/64      AC: 11    Str: 22    XL:     7   Next: 3%
Magic:  6/6        EV:  7    Int:  5    God:
Gold:   60         SH:  4    Dex: 10    Spells: 6/6 levels left

rFire   . . .      SeeInvis .   a - +0 war axe {axe}
rCold   . . .      Faith    .   c - +0 buckler
rNeg    . . .      Spirit   .   j - +0 chain mail
rPois   .          Reflect  .   (helmet restricted)
rElec   .          Harm     .   l - +0 cloak
rCorr   .          Rampage  .   (no gloves)
Will    .....                   (no boots)
Stlth   ..........              t - amulet of the acrobat
HPRegen 0.20/turn               (no ring)
MPRegen 0.10/turn               (no ring)

@: no status effects
A: horns 2, retaliatory headbutt
a: no special abilities


You were on level 4 of the Dungeon.
You visited 1 branch of the dungeon, and saw 6 of its levels.

You collected 60 gold pieces.


Innate Abilities, Weirdness & Mutations

You have a pair of horns on your head.
You reflexively headbutt those who attack you in melee.


   Skills:
 * Level 6.7 Fighting
 * Level 6.1 Axes
 + Level 5.3 Armour
 - Level 3.6 Shields


You had 6 spell levels left.
You didn't know any spells.
Your spell library was empty.

Inventory:

Hand Weapons
 a - a +0 war axe (weapon) {axe}
 f - a +0 short sword of freezing {short}
   (You found it on level 1 of the Dungeon)
 y - a +2 dagger of electrocution {short}
   (You took it off an orc wizard on level 4 of the Dungeon)
Missiles
 b - 23 arrows
 h - 162 stones (quivered) {throwing}
 q - 5 boomerangs {throwing}
Armour
 c - a +0 buckler (worn)
 j - a +0 chain mail (worn)
   (You found it on level 1 of the Dungeon)
 l - a +0 cloak (worn)
   (You found it on level 2 of the Dungeon)
Magical Staves
 g - a staff of fire {!astaff}
   (You found it on level 1 of the Dungeon)
 s - a staff of air {!astaff}
   (You found it on level 2 of the Dungeon)
Jewellery
 t - an amulet of the acrobat (around neck)
   (You found it on level 2 of the Dungeon)
 v - an amulet of faith {!P}
   (You found it on level 6 of the Dungeon)
Scrolls
 e - 4 scrolls of identify {unknown}
 i - 3 scrolls of teleportation {unknown}
 r - a scroll of brand weapon {unknown}
 u - 2 scrolls of blinking {unknown}
 w - a scroll of immolation {unknown}
 x - a scroll of enchant weapon {unknown}
Potions
 d - 2 potions of might
 k - 2 potions of curing {unknown}
 m - a potion of haste {unknown}
 n - a potion of invisibility
 o - a potion of heal wounds {unknown}
 p - 2 potions of degeneration {unknown}
 z - a potion of lignification {unknown}

Dungeon Overview and Level Annotations

Branches:
Dungeon (6/15)
 Temple: D:4-7

Altars:
Vehumet

Shops:
D:1 ?

Annotations:
D:4 exclusion: statue, Blork the orc

.. #.## .......##
#####...## ........##
##........#
.........## .........
..........## #.....#
...........# ##.....#
...........###..@{..#
............#..##...#
.)....).......## ####
#)[..........##
.........#..##
####........# #####
#........###...#
#.#####).......#
#.#...#........##


There were no monsters in sight!


Message History

* * * LOW HITPOINT WARNING * * *
😨 HP[-4]
You take 4 damage, and now have 27/58 hp.
You slash something!
Reactivating autopickup.
You feel a bit more experienced.
You miss something. Something hits you but does no damage.
Deactivating autopickup; reactivate with Ctrl-A.
Your Axes skill increases to level 6!
Unknown command.
A magic dart appears from out of thin air!
The magic dart hits you.
* * * LOW HITPOINT WARNING * * *
😨 HP[-2]
You take 2 damage, and now have 25/58 hp.
Unknown command.
You hear some strange, mumbled words.
You are confused. 😨 HP[+1]
You bump into the crystal wall.
You bump into the crystal wall. 😨 HP[+1]
You hear some strange, mumbled words.
Something tries to affect you, but you resist.
You feel less confused.
A puff of flame appears from out of thin air!
The puff of flame misses you. 😨 HP[+1]
There is a strange disturbance nearby!
There is a strange disturbance nearby!
There is a strange disturbance nearby!
You slash something!
Reactivating autopickup.
You feel a bit more experienced.
You have reached level 7! 😨 HP[+4] MP[+1]
You now have 64 max hp (+6).
You regained 4 hp, and now have 32/64 hp.
Your mp is fully restored (6).
Key pressed, stopping explore.
Key pressed, stopping explore.
Key pressed, stopping explore.
Things that are here:
a +0 dagger {short}; a +0 robe; an orc corpse 😎 HP[+32]
Your hp is fully restored (64).
Blork the orc comes into view.
He is wielding a +4 vorpal flail.
Blork the orc shouts!
Blork the orc drinks a potion.
Blork the orc flickers and vanishes!
Deactivating autopickup; reactivate with Ctrl-A.
Something hits you. 😕 HP[-4]
You take 4 damage, and now have 60/64 hp.
You barely miss something.
You hear some strange, mumbled words.
You miss something. You headbutt something! Something hits you. 😕 HP[-6]
You take 6 damage, and now have 54/64 hp.
You miss something. Something hits you!
You hear some strange, mumbled words.
A magic dart appears from out of thin air!
The magic dart hits you. 😮 HP[-21]
You take 21 damage, and now have 33/64 hp.
MASSIVE DAMAGE!! (PAUSE)
You hit something but do no damage.
You hear some strange, mumbled words.
A puff of frost appears from out of thin air!
You block the puff of frost.
You closely miss something. Something hits you!
* * * LOW HITPOINT WARNING * * *
x2 😨 HP[-8]
You take 8 damage, and now have 25/64 hp.
You barely miss something. Something hits you!
* * * LOW HITPOINT WARNING * * *
x2 😱 HP[-12]
You take 12 damage, and now have 13/64 hp.
You barely miss something. Your headbutt misses something.
Something hits you but does no damage.
You barely miss something. Something hits you.
* * * LOW HITPOINT WARNING * * *
x2 Something hits you!
* * * LOW HITPOINT WARNING * * *
x2 😱 HP[-12]
You take 12 damage, and now have 1/64 hp.
You hit something but do no damage. You headbutt something.
Something hits you but does no damage.
You hit something but do no damage.
Something hits you but does no damage. 😱 HP[+1]
You completely miss something. Your headbutt misses something.
You block something's attack.
You closely miss something.
You hear some strange, mumbled words.
A puff of frost appears from out of thin air!
The puff of frost hits you but does no damage.
You block something's attack.
You closely miss something. Something hits you but does no damage.
You closely miss something. You headbutt something! Something hits you.
You die...

Skill      XL: |  1  2  3  4  5  6 |
---------------+-------------------+-----
Fighting       | 4 5 6 |  6.7
Axes           | 3 4 5 6 |  6.1
Armour         | 4 5 |  5.3
Shields        | |  3.6

Action                   |  1- 3 |  4- 6 |  7- 9 || total
-------------------------+-------+-------+-------++-------
Melee: War axe           |    82 |    72 |    14 ||   168
       Headbutt          |     9 |     8 |     3 ||    20
Armor: Scale mail        |    11 |       |       ||    11
       Chain mail        |    22 |    63 |     5 ||    90
Dodge: Dodged            |    34 |    55 |       ||    89
Block: Buckler           |    19 |    18 |     3 ||    40

Levels and vault maps discovered:
D:1:      dpeg_arrival_rhombus, layout_basic, serial_shops,
          nicolae_shop_waterfront
D:2:      layout_loops_corners, hellmonk_ecumenical_altar_run_dry,
          minmay_quantized
D:3:      layout_loops_cross, feat_on_display
D:4:      layout_cave_pods, vehumet_statue, uniq_eustachio, uniq_blork_the_orc
D:5:      layout_gridville, mainiacjoe_overflow_boulevard,
          mainiacjoe_overflow_surrounded_room, minmay_temple_entry_hall
D:6:      layout_gridville, tgw_trog, general_overflow_altar,
          nicolae_uskayaw_en_pointe, led_sif_pool, minivault_11,
          grunt_ministairs_15, roderic_serpentine_path, chequers_garden,
          minmay_misc_feat_iff, nicolae_figureground_pulse

Notes
Turn   | Place    | Note
-------+----------+-------------------------------------------
     0 | D:1      | Sanktem7 the Minotaur Fighter began the quest for the Orb.
     0 | D:1      | Reached XP level 1. HP: 19/19 MP: 0/0
     0 | D:1      | magus.rc [v1.9.6]
   123 | D:1      | Reached XP level 2. HP: 25/27 MP: 1/1
   125 | D:1      | Reached skill level 4 in Fighting
   216 | D:1      | Reached skill level 3 in Axes
   358 | D:1      | Found Exzidd's Magic Scroll Shop.
   569 | D:1      | Reached skill level 4 in Armour
   571 | D:1      | Reached XP level 3. HP: 29/33 MP: 2/2
  1165 | D:2      | Found a faded altar of an unknown god.
  1561 | D:2      | Reached XP level 4. HP: 32/41 MP: 3/3
  1916 | D:3      | You fall into a shaft and drop 3 floors!
  1960 | D:6      | HP: 7/41 [orc (6)]
  1964 | D:6      | Reached skill level 5 in Fighting
  1964 | D:6      | Reached skill level 4 in Axes
  2345 | D:5      | Entered Level 5 of the Dungeon
  2357 | D:5      | Reached XP level 5. HP: 19/48 MP: 4/4
  2382 | D:5      | Noticed a phantom
  2719 | D:4      | Noticed Eustachio
  2805 | D:4      | Killed Eustachio
  2806 | D:4      | Reached skill level 6 in Fighting
  2806 | D:4      | Reached skill level 5 in Axes
  2806 | D:4      | Reached skill level 5 in Armour
  2806 | D:4      | Reached XP level 6. HP: 49/57 MP: 5/5
  2890 | D:4      | HP: 11/58 [orc priest/nerve-wracking pain (5)]
  2892 | D:4      | HP: 4/58 [something (2)]
  3244 | D:4      | Found a radiant altar of Vehumet.
  3261 | D:4      | Reached skill level 6 in Axes
  3279 | D:4      | Reached XP level 7. HP: 32/64 MP: 6/6
  3447 | D:4      | Noticed Blork the orc
  3456 | D:4      | HP: 16/64 [something (10)]
  3458 | D:4      | HP: 2/64 [something (7)]
  3464 | D:4      | Slain by Blork the orc

Vanquished Creatures
  Eustachio (D:4)
  2 hounds
  3 orc priests
  An iguana (D:5)
  5 orc wizards
  3 adders (D:2)
  2 adder skeletons (D:4)
  5 orcs
  8 ball pythons
  6 bats
  7 endoplasms
  4 giant cockroaches
  5 goblins
  4 hobgoblins
  6 quokkas
  2 frilled lizards (D:1)
  2 kobolds
  6 rats
72 creatures vanquished.

Table legend:
 A = Non-vault XP
 B = Vault XP
 C = Vault XP percentage of total XP
 D = Non-vault monster count
 E = Vault monster count
 F = Vault count percentage of total count
                 A         B        C        D         E       F
            +---------+---------+-------+---------+---------+-------
      Total |     563 |     191 |  25.3 |      69 |       3 |   4.2
            +---------+---------+-------+---------+---------+-------
        D:1 |      44 |       0 |   0.0 |      25 |       0 |   0.0
        D:2 |      59 |       3 |   4.8 |      14 |       2 |  12.5
        D:3 |       7 |       0 |   0.0 |       6 |       0 |   0.0
        D:4 |     296 |     188 |  38.8 |      19 |       1 |   5.0
        D:5 |      78 |       0 |   0.0 |       2 |       0 |   0.0
        D:6 |      79 |       0 |   0.0 |       3 |       0 |   0.0
            +---------+---------+-------+---------+---------+-------

Illustrated notes

Table legend:
 A = Kills in this place as a percentage of kills in entire the game.
 B = Kills by you in this place as a percentage of kills by you in the entire game.
 C = Kills by friends in this place as a percentage of kills by friends in the entire game.
 D = Other kills in this place as a percentage of other kills in the entire game.
 E = Experience gained in this place as a percentage of experience gained in the entire game.
 F = Experience gained in this place divided by the number of levels of this place that you have seen.
                   A       B       C       D       E      F
               +-------+-------+-------+-------+-------+----------------------
         Total | 100.0 | 100.0 |   N/A |   N/A | 100.0 | 125.7
       Dungeon | 100.0 | 100.0 |   N/A |   N/A | 100.0 | 125.7
               +-------+-------+-------+-------+-------+----------------------

Table legend: (Time is in decaauts)
 A = Elapsed time spent in this place.
 B = Non-inter-level travel time spent in this place.
 C = Inter-level travel time spent in this place.
 D = Time resting spent in this place.
 E = Time spent auto-exploring this place.
 F = Levels seen in this place.
 G = Mean time per level.
                   A        B        C        D        E       F      G
               +--------+--------+--------+--------+--------+-----+--------+
         Total |   3521 |   3488 |     33 |    615 |   2211 |   6 |  586.8 |
       Dungeon |   3521 |   3488 |     33 |    615 |   2211 |   6 |  586.8 |
               +--------+--------+--------+--------+--------+-----+--------+

Top non-repeatable levels by time:
     D:4: 1065 daAuts
     D:2: 965 daAuts
     D:1: 896 daAuts
     D:6: 431 daAuts
     D:3: 91 daAuts
     D:5: 72 daAuts
